ITL
UTICA UNICORNS @ CHATTANOOGA CHINPOKOMON
05/19/2028
 
TOP OF THE 1ST
Utica Unicorns batting - Pitching for Chattanooga Chinpokomon : RHP Ricardo Quiñones
Pitching: RHP Ricardo Quiñones
Batting: LHB Raúl Morales 0-0: Ball
1-0: Called Strike
1-1: Ball
2-1: Swinging Strike
2-2: Strikes out swinging, 2-3 out at first.
Batting: RHB Gerald Burnett 0-0: Ball
1-0: SINGLE (Groundball, 34D)
Batting: LHB Pedro Zaragoza 0-0: Ball
1-0: Foul Ball, location: 2F
1-1: Fly out, F7 (Flyball, 78D)
Batting: RHB Fernando Gálvez 0-0: Called Strike
0-1: Ball
1-1: Foul Ball, location: 2F
1-2: Ball
2-2: SINGLE (Line Drive, 78M)
Gerald Burnett to second
Batting: RHB Marcos Castillo 0-0: Called Strike
0-1: Swinging Strike
0-2: Ball
Wild Pitch!
Gerald Burnett to third
Fernando Gálvez to second
1-2: Ball
2-2: Strikes out swinging
Top of the 1st over - 0 run(s), 2 hit(s), 0 error(s), 2 left on base; Utica 0 - Chattanooga 0
BOTTOM OF THE 1ST
Chattanooga Chinpokomon batting - Pitching for Utica Unicorns : RHP Robert Martin
Pitching: RHP Robert Martin
Batting: RHB Patrick Potts 0-0: Ball
1-0: SINGLE (Flyball, 89S)
Batting: RHB Cristo García 0-0: Called Strike
Patrick Potts steals 2nd base
0-1: Swinging Strike
0-2: Foul Ball, location: 2F
0-2: Ball
1-2: Ball
2-2: Ball
3-2: Base on Balls
Batting: RHB Casey Fox 0-0: SINGLE (Groundball, 6MD)
Patrick Potts to third
Cristo García to second
Runner from 3rd tries for Home, SAFE, no throw
Batting: RHB Jesús Tisnado 0-0: Ball
1-0: Foul Ball, location: 2F
1-1: Called Strike
1-2: Strikes out looking
Batting: RHB Ramiro Chávez 0-0: Swinging Strike
0-1: DOUBLE (Flyball, 8LXD)
Cristo García scores
Casey Fox to third
Runner from 3rd tries for Home, SAFE, no throw
Batting: RHB Armando Cuevas 0-0: Ball
1-0: Ball
2-0: Ball
3-0: Base on Balls
Batting: RHB Irving Galloway 0-0: Called Strike
0-1: Called Strike
0-2: Ball
1-2: Fly out, F4 (Line Drive, 4)
Lined into DP, 4-6 (Line Drive, 4)
Bottom of the 1st over - 3 run(s), 3 hit(s), 0 error(s), 1 left on base; Utica 0 - Chattanooga 3
TOP OF THE 2ND
Utica Unicorns batting - Pitching for Chattanooga Chinpokomon : RHP Ricardo Quiñones
Batting: RHB Carlos García 0-0: Ball
1-0: Foul Ball, location: 2F
1-1: Called Strike
1-2: Strikes out swinging
Batting: LHB Mitchell Oglethorpe 0-0: Ball
1-0: Foul Ball, location: 2F
1-1: Swinging Strike
1-2: Strikes out swinging
Batting: RHB Jack Bailey 0-0: Called Strike
0-1: Foul Ball, location: 2F
0-2: Ball
1-2: Ground out 6-3 (Groundball, 6)
Top of the 2nd over - 0 run(s), 0 hit(s), 0 error(s), 0 left on base; Utica 0 - Chattanooga 3
BOTTOM OF THE 2ND
Chattanooga Chinpokomon batting - Pitching for Utica Unicorns : RHP Robert Martin
Batting: RHB Luis Antonio Velásquez 0-0: Ground out 5-3 (Groundball, 56)
Batting: RHB Donald White 0-0: Foul Ball, location: 2F
0-1: Called Strike
0-2: Ground out 5-3 (Groundball, 5)
Batting: RHB Patrick Potts 0-0: Ball
1-0: Swinging Strike
1-1: Ball
2-1: Swinging Strike
2-2: Fly out, F8 (Flyball, 8RM)
Bottom of the 2nd over - 0 run(s), 0 hit(s), 0 error(s), 0 left on base; Utica 0 - Chattanooga 3
TOP OF THE 3RD
Utica Unicorns batting - Pitching for Chattanooga Chinpokomon : RHP Ricardo Quiñones
Batting: RHB Franklin Shaw 0-0: Ball
1-0: Foul Ball, location: 2F
1-1: Foul Ball, location: 2F
1-2: SINGLE (Groundball, 34D)
Batting: LHB Raúl Morales 0-0: Ball
1-0: Swinging Strike
1-1: Foul Ball, location: 2F
1-2: Foul Ball, location: 2F
1-2: Ball
2-2: Strikes out swinging
Batting: RHB Gerald Burnett 0-0: Called Strike
0-1: Ball
1-1: Swinging Strike
1-2: SINGLE (Groundball, 4MD)
Franklin Shaw to second
Batting: LHB Pedro Zaragoza 0-0: Called Strike
0-1: Called Strike
0-2: Strikes out looking
Batting: RHB Fernando Gálvez 0-0: Ball
1-0: Called Strike
1-1: Fly out, F8 (Flyball, 8LS)
Top of the 3rd over - 0 run(s), 2 hit(s), 0 error(s), 2 left on base; Utica 0 - Chattanooga 3
BOTTOM OF THE 3RD
Chattanooga Chinpokomon batting - Pitching for Utica Unicorns : RHP Robert Martin
Batting: RHB Cristo García 0-0: Fly out, F8 (Flyball, 8RD)
Batting: RHB Casey Fox 0-0: Foul Ball, location: 2F
0-1: Ground out 4-3 (Groundball, 4M)
Batting: RHB Jesús Tisnado 0-0: Ground out U3 (Groundball, 34)
Bottom of the 3rd over - 0 run(s), 0 hit(s), 0 error(s), 0 left on base; Utica 0 - Chattanooga 3
TOP OF THE 4TH
Utica Unicorns batting - Pitching for Chattanooga Chinpokomon : RHP Ricardo Quiñones
Batting: RHB Marcos Castillo 0-0: Foul Ball, location: 2F
0-1: Called Strike
0-2: Strikes out swinging
Batting: RHB Carlos García 0-0: Called Strike
0-1: Called Strike
0-2: Strikes out swinging
Batting: LHB Mitchell Oglethorpe 0-0: Called Strike
0-1: Ball
1-1: Foul Ball, location: 2F
1-2: Ball
2-2: Ball
3-2: Fly out, F8 (Flyball, 8LM)
Top of the 4th over - 0 run(s), 0 hit(s), 0 error(s), 0 left on base; Utica 0 - Chattanooga 3
BOTTOM OF THE 4TH
Chattanooga Chinpokomon batting - Pitching for Utica Unicorns : RHP Robert Martin
Batting: RHB Ramiro Chávez 0-0: Ball
1-0: Ground out 5-3 (Groundball, 56)
Batting: RHB Armando Cuevas 0-0: Ball
1-0: Called Strike
1-1: Ball
2-1: Called Strike
2-2: Foul Ball, location: 2F
2-2: Foul Ball, location: 2F
2-2: Ball
3-2: Base on Balls
Batting: RHB Irving Galloway 0-0: Foul Ball, location: 2F
0-1: Ball
1-1: Fly out, F6 (Line Drive, 6)
Batting: RHB Luis Antonio Velásquez 0-0: Ball
1-0: Ball
2-0: Foul Ball, location: 2F
2-1: DOUBLE (Groundball, 5L)
Armando Cuevas to third
Runner from 3rd tries for Home, throw and OUT!
Bottom of the 4th over - 0 run(s), 1 hit(s), 0 error(s), 1 left on base; Utica 0 - Chattanooga 3
TOP OF THE 5TH
Utica Unicorns batting - Pitching for Chattanooga Chinpokomon : RHP Ricardo Quiñones
Batting: RHB Jack Bailey 0-0: Swinging Strike
0-1: Called Strike
0-2: Ball
1-2: Foul Ball, location: 2F
1-2: Ball
2-2: Fly out, F8 (Flyball, 8LXD)
Batting: RHB Franklin Shaw 0-0: Ball
1-0: Called Strike
1-1: Ball
2-1: Called Strike
2-2: Ball
3-2: Base on Balls
Batting: LHB Raúl Morales 0-0: Ball
1-0: Called Strike
1-1: Foul Ball, location: 2F
1-2: Strikes out swinging
Batting: RHB Gerald Burnett 0-0: Called Strike
0-1: Called Strike
0-2: DOUBLE (Groundball, 3L)
Franklin Shaw to third
Batting: LHB Pedro Zaragoza 0-0: Ball
1-0: 3-RUN HOME RUN (Flyball, 7LD), Distance : 350 ft
Batting: RHB Fernando Gálvez 0-0: Called Strike
0-1: Foul Ball, location: 2F
0-2: Ball
1-2: Ball
2-2: Ground out 6-3 (Groundball, 6)
Top of the 5th over - 3 run(s), 2 hit(s), 0 error(s), 0 left on base; Utica 3 - Chattanooga 3
BOTTOM OF THE 5TH
Chattanooga Chinpokomon batting - Pitching for Utica Unicorns : RHP Robert Martin
Batting: RHB Donald White 0-0: Ball
1-0: Swinging Strike
1-1: Ball
2-1: Ball
3-1: Foul Ball, location: 2F
3-2: Strikes out swinging
Batting: RHB Patrick Potts 0-0: Called Strike
0-1: Swinging Strike
0-2: Ground out 6-3 (Groundball, 6)
Batting: RHB Cristo García 0-0: Ball
1-0: Ball
2-0: Ball
3-0: Foul Ball, location: 2F
3-1: Base on Balls
Batting: RHB Casey Fox 0-0: Ball
1-0: Ball
2-0: Called Strike
2-1: Swinging Strike
2-2: Foul Ball, location: 2F
2-2: Ball
3-2: Foul Ball, location: 2F
3-2: Fly out, F9 (Flyball, 9LM)
Bottom of the 5th over - 0 run(s), 0 hit(s), 0 error(s), 1 left on base; Utica 3 - Chattanooga 3
TOP OF THE 6TH
Utica Unicorns batting - Pitching for Chattanooga Chinpokomon : RHP Ricardo Quiñones
Pitching: LHP Henry Barton
Batting: RHB Marcos Castillo 0-0: Ground out 5-3 (Groundball, 56)
Batting: RHB Carlos García 0-0: Ball
1-0: Called Strike
1-1: Ball
2-1: Fly out, F8 (Line Drive, 8LD)
Batting: LHB Mitchell Oglethorpe 0-0: Called Strike
0-1: Foul Ball, location: 2F
0-2: Ball
1-2: Strikes out swinging
Top of the 6th over - 0 run(s), 0 hit(s), 0 error(s), 0 left on base; Utica 3 - Chattanooga 3
BOTTOM OF THE 6TH
Chattanooga Chinpokomon batting - Pitching for Utica Unicorns : RHP Robert Martin
Batting: RHB Jesús Tisnado 0-0: Called Strike
0-1: Foul Ball, location: 2F
0-2: Reached on error, E6 (Groundball, 6M)
Batting: RHB Ramiro Chávez 0-0: Fly out, F9 (Flyball, 9)
Batting: RHB Armando Cuevas 0-0: Ball
1-0: Ball
2-0: Swinging Strike
2-1: Called Strike
2-2: Strikes out swinging
Batting: RHB Irving Galloway 0-0: Called Strike
0-1: Called Strike
0-2: Ground out 1-3 (Groundball, 15)
Bottom of the 6th over - 0 run(s), 0 hit(s), 1 error(s), 1 left on base; Utica 3 - Chattanooga 3
TOP OF THE 7TH
Utica Unicorns batting - Pitching for Chattanooga Chinpokomon : LHP Henry Barton
Batting: RHB Jack Bailey 0-0: Ball
1-0: Ball
2-0: Ball
3-0: Called Strike
3-1: Called Strike
3-2: Foul Ball, location: 2F
3-2: Foul Ball, location: 2F
3-2: Base on Balls
Pinch Hitting: RHB Andrew Good 0-0: Called Strike
0-1: Ball
1-1: Foul Ball, location: 2F
1-2: Fly out, F8 (Flyball, 8RS)
Pinch Hitting: RHB Héctor Jiménez 0-0: Called Strike
Jack Bailey is caught stealing 2nd base
0-1: Called Strike
0-2: Ball
1-2: Strikes out swinging
Top of the 7th over - 0 run(s), 0 hit(s), 0 error(s), 0 left on base; Utica 3 - Chattanooga 3
BOTTOM OF THE 7TH
Chattanooga Chinpokomon batting - Pitching for Utica Unicorns : RHP Robert Martin
Pitching: RHP Mario González
Now at 3B: Gustavo Rodríguez
Now at SS: Héctor Jiménez
Batting: RHB Luis Antonio Velásquez 0-0: Foul Ball, location: 2F
0-1: Ball
1-1: Ground out 6-3 (Groundball, 6)
Pinch Hitting: RHB Juan Pérez 0-0: Ball
1-0: Ball
2-0: Swinging Strike
2-1: Foul Ball, location: 2F
2-2: Foul Ball, location: 2F
2-2: Ball
3-2: Base on Balls
Pitching: RHP Claudio Rivera
Batting: RHB Patrick Potts 0-0: Called Strike
0-1: Ball
1-1: Ball
2-1: Swinging Strike
2-2: Ball
Juan Pérez steals 2nd base
3-2: Strikes out looking
Batting: RHB Cristo García 0-0: Ground out U3 (Groundball, 3)
Bottom of the 7th over - 0 run(s), 0 hit(s), 0 error(s), 1 left on base; Utica 3 - Chattanooga 3
TOP OF THE 8TH
Utica Unicorns batting - Pitching for Chattanooga Chinpokomon : LHP Henry Barton
Now in LF: Manuel Ortega
Batting: RHB Gerald Burnett 0-0: Ball
1-0: Called Strike
1-1: Ball
2-1: Swinging Strike
2-2: Ball
3-2: Strikes out swinging
Batting: LHB Pedro Zaragoza 0-0: Ball
1-0: Called Strike
1-1: Foul Ball, location: 2F
1-2: Ball
2-2: SINGLE (Groundball, 34D)
Batting: RHB Fernando Gálvez 0-0: Called Strike
0-1: Ball
1-1: Foul Ball, location: 2F
1-2: Foul Ball, location: 2F
1-2: SINGLE (Line Drive, 78S)
Pedro Zaragoza to second
Batting: RHB Marcos Castillo 0-0: Called Strike
0-1: Foul Ball, location: 2F
0-2: Ball
1-2: Strikes out swinging
Pitching: LHP Mario Solíz
Batting: RHB Carlos García 0-0: Ball
1-0: Ball
2-0: DOUBLE (Line Drive, 7LM)
Pedro Zaragoza scores
Fernando Gálvez to third
Runner from 3rd tries for Home, SAFE, no throw
Batting: LHB Mitchell Oglethorpe 0-0: Called Strike
0-1: Ball
1-1: Ball
2-1: Called Strike
2-2: Ball
3-2: Strikes out swinging
Top of the 8th over - 2 run(s), 3 hit(s), 0 error(s), 1 left on base; Utica 5 - Chattanooga 3
BOTTOM OF THE 8TH
Chattanooga Chinpokomon batting - Pitching for Utica Unicorns : RHP Claudio Rivera
Batting: RHB Casey Fox 0-0: Ball
1-0: Ball
2-0: Swinging Strike
2-1: SINGLE (Groundball, 34D)
Pitching: RHP Patrick Doyle
Batting: RHB Jesús Tisnado 0-0: Ball
1-0: Called Strike
1-1: 2-RUN HOME RUN (Flyball, 7LD), Distance : 354 ft
Batting: RHB Ramiro Chávez 0-0: Ball
1-0: Swinging Strike
1-1: Called Strike
1-2: SINGLE (Line Drive, 56)
Batting: RHB Armando Cuevas 0-0: Called Strike
0-1: Sac Bunt - play at second, runner safe!
Batting: RHB Irving Galloway 0-0: SINGLE (Groundball, 4MD)
Ramiro Chávez to third
Armando Cuevas to second
Batting: RHB Luis Antonio Velásquez 0-0: Called Strike
0-1: Foul Ball, location: 2F
0-2: Grounds into double play, 1-2-3 (Groundball, 15)
Armando Cuevas to third
Irving Galloway to second
Pinch Hitting: RHB Jim Beck 0-0: Ball
1-0: Ball
2-0: Ball
3-0: DOUBLE (Flyball, 8RD)
Armando Cuevas scores
Irving Galloway scores
Pitching: RHP Juan Reyes
Batting: RHB Patrick Potts 0-0: DOUBLE (Flyball, 9LD)
Jim Beck scores
Batting: RHB Cristo García 0-0: Ball
1-0: Fly out, F6 (Popup, 6M)
Bottom of the 8th over - 5 run(s), 6 hit(s), 0 error(s), 1 left on base; Utica 5 - Chattanooga 8
TOP OF THE 9TH
Utica Unicorns batting - Pitching for Chattanooga Chinpokomon : LHP Mario Solíz
Pitching: LHP Bob Quested
Now in LF: Jim Beck
Batting: RHB Jack Bailey 0-0: Called Strike
0-1: Ball
1-1: Fly out, F8 (Flyball, 8LM)
Batting: RHB Gustavo Rodríguez 0-0: Foul Ball, location: 2F
0-1: Ball
1-1: DOUBLE (Flyball, 78XD)
Batting: RHB Héctor Jiménez 0-0: Foul Ball, location: 2F
0-1: Foul Ball, location: 2F
0-2: Ball
1-2: Ball
2-2: Foul Ball, location: 2F
2-2: Strikes out looking
Batting: RHB Gerald Burnett 0-0: Ball
1-0: Fly out, F8 (Line Drive, 78D)
Top of the 9th over - 0 run(s), 1 hit(s), 0 error(s), 1 left on base; Utica 5 - Chattanooga 8
Tuesday, August 8th, 2017 - OOTP Baseball 17.12 Build 75